 Dungeon Crawl Stone Soup version 0.25-a0-598-gc9c9e4cfe1 (webtiles) character file.

Game seed: 14728471042825599011, levelgen mode: deterministic

92 MisterFreud the Shield-Bearer (level 4, -12/41 HPs)
             Began as a Gnoll Fighter on Mar 15, 2020.
             Mangled by an ogre
             ... wielding a +0 giant club
              (26 damage)
             ... on level 3 of the Dungeon.
             The game lasted 00:02:26 (2192 turns).

MisterFreud the Shield-Bearer (Gnoll Fighter)       Turns: 2192, Time: 00:02:26

Health: -12/41     AC:  7    Str: 18    XL:     4   Next: 60%
Magic:  5/5        EV:  8    Int: 11    God:
Gold:   97         SH: 10    Dex: 15    Spells: 5/5 levels left

rFire    . . .     SeeInvis .   a - +0 rapier
rCold    . . .     Gourm    .   c - +0 kite shield
rNeg     . . .     Faith    .   b - +0 scale mail
rPois    .         Spirit   .   (no helmet)
rElec    .         Reflect  .   (no cloak)
rCorr    .         Harm     .   (no gloves)
MR       .....                  (no boots)
Stlth    ..........             (no amulet)
HPRegen  0.13/turn              o - ring of flight
MPRegen  0.09/turn              (no ring)

@: no status effects
A: distributed training, fangs 1, strong nose
a: Evoke Flight


You were on level 3 of the Dungeon.
You were not hungry.

You visited 1 branch of the dungeon, and saw 3 of its levels.

You collected 97 gold pieces.

Inventory:

Hand Weapons
 a - a +0 rapier (weapon)
Missiles
 i - 46 stones
 m - 20 bolts
 n - 14 poisoned darts (quivered)
Armour
 b - a +0 scale mail (worn)
 c - a +0 kite shield (worn)
Jewellery
 o - a ring of flight (left hand)
Wands
 s - a wand of clouds (5)
Scrolls
 e - a scroll of immolation {unknown}
 g - a scroll of remove curse {unknown}
 k - 2 scrolls of enchant armour {unknown}
 p - 2 scrolls of identify {unknown}
 r - a scroll of teleportation {unknown}
Potions
 d - a potion of might
 h - 2 potions of brilliance {unknown}
 j - a potion of heal wounds {unknown}
 l - a potion of magic {unknown}
 q - 2 potions of curing {unknown}
Comestibles
 f - 2 rations


   Skills:
 + Level 6.6 Fighting
 + Level 4.6 Short Blades
 + Level 1.1 Long Blades
 + Level 1.1 Axes
 + Level 1.1 Maces & Flails
 + Level 1.1 Polearms
 + Level 1.1 Staves
 + Level 1.1 Slings
 + Level 1.1 Bows
 + Level 1.1 Crossbows
 + Level 1.1 Throwing
 + Level 6.6 Armour
 + Level 1.1 Dodging
 + Level 1.1 Stealth
 + Level 6.6 Shields
 + Level 1.1 Unarmed Combat
 + Level 1.1 Spellcasting
 + Level 0.9 Conjurations
 + Level 0.9 Hexes
 + Level 0.9 Charms
 + Level 0.9 Summonings
 + Level 0.9 Necromancy
 + Level 0.9 Translocations
 + Level 0.9 Transmutations
 + Level 0.9 Fire Magic
 + Level 0.9 Ice Magic
 + Level 0.9 Air Magic
 + Level 0.9 Earth Magic
 + Level 0.9 Poison Magic
 + Level 1.2 Invocations
 + Level 1.1 Evocations


You had 5 spell levels left.
You didn't know any spells.
Your spell library was empty.

Dungeon Overview and Level Annotations

Branches:
Dungeon (3/15)

Altars:
Nemelex Xobeh


Innate Abilities, Weirdness & Mutations

Your experience applies equally to all skills.
You have very sharp teeth.
Your uncanny sense of smell can sniff out nearby items.


Message History

The ogre is lightly wounded.
The ogre misses you.
You puncture the ogre!
The ogre is moderately wounded.
The ogre hits you with a +0 giant club.
You hit the ogre.
The ogre is heavily wounded.
You puncture the ogre! You bite the ogre, but do no damage.
The ogre is almost dead.
The ogre hits you with a +0 giant club!!
Ouch! That really hurt!
You completely miss the ogre.
The ogre is almost dead.
You block the ogre's attack.
The ogre looks more healthy.
Your shield prevents you from hitting the ogre.
The ogre is almost dead.
The ogre hits you with a +0 giant club!!
Ouch! That really hurt!
You die...

#.# +######### ∆
#.# ........ #.#
#.....# ∆ ∆
#.#######.....#
#...)...#.....#
###.###.#.....#
#.# #.......# ∆
#.#########.######
#..O@......<.....#
##############.###
..........#
########.#.#
#........#.#
#.########.# #.#
#.# #.# #.#
#.########.#


You could see an ogre.

Vanquished Creatures
  3 adders (D:2)
  An ooze (D:2)
  5 worms (D:2)
  A dart slug (D:2)
  An orc (D:3)
  2 giant cockroaches
  8 goblins
  4 hobgoblins
  3 jackals (D:1)
  4 kobolds
  A quokka (D:2)
  4 bats
  A frilled lizard (D:2)
  7 rats
45 creatures vanquished.

Notes
Turn   | Place    | Note
-------+----------+-------------------------------------------
     0 | D:1      | MisterFreud the Gnoll Fighter began the quest for the Orb.
     0 | D:1      | Reached XP level 1. HP: 23/23 MP: 1/1
    71 | D:1      | Reached XP level 2. HP: 27/29 MP: 2/2
   800 | D:2      | Reached XP level 3. HP: 34/35 MP: 3/3
   872 | D:2      | Reached skill level 1 in Invocations
   945 | D:2      | Reached skill level 1 in Long Blades
   945 | D:2      | Reached skill level 1 in Axes
   945 | D:2      | Reached skill level 1 in Maces & Flails
   945 | D:2      | Reached skill level 1 in Polearms
   945 | D:2      | Reached skill level 1 in Staves
   945 | D:2      | Reached skill level 1 in Slings
   945 | D:2      | Reached skill level 1 in Bows
   945 | D:2      | Reached skill level 1 in Crossbows
   945 | D:2      | Reached skill level 1 in Throwing
   945 | D:2      | Reached skill level 1 in Dodging
   945 | D:2      | Reached skill level 1 in Stealth
   945 | D:2      | Reached skill level 1 in Unarmed Combat
   945 | D:2      | Reached skill level 1 in Spellcasting
   945 | D:2      | Reached skill level 1 in Evocations
   995 | D:2      | Reached XP level 4. HP: 27/41 MP: 5/5
  1885 | D:3      | Noticed an ogre
  2170 | D:3      | Found a sparkling altar of Nemelex Xobeh.
  2192 | D:3      | Mangled by an ogre

Levels and vault maps discovered:
D:1:      dpeg_arrival_windows_large_door, layout_basic
D:2:      minmay_spotlight, layout_basic, minmay_misc_feat_room
D:3:      layout_basic, overflow_temple_1_default, lemuel_round_altar,
          nicolae_qazlal_style_of_elements

Skill      XL: |  1  2  3 |
---------------+----------+-----
Invocations    | 1 |  1.2
Long Blades    | 1 |  1.1
Axes           | 1 |  1.1
Maces & Flails | 1 |  1.1
Polearms       | 1 |  1.1
Staves         | 1 |  1.1
Slings         | 1 |  1.1
Bows           | 1 |  1.1
Crossbows      | 1 |  1.1
Throwing       | 1 |  1.1
Dodging        | 1 |  1.1
Stealth        | 1 |  1.1
Unarmed Combat | 1 |  1.1
Spellcasting   | 1 |  1.1
Evocations     | 1 |  1.1
Fighting       | |  6.6
Short Blades   | |  4.6
Armour         | |  6.6
Shields        | |  6.6
Conjurations   | |  0.9
Hexes          | |  0.9
Charms         | |  0.9
Summonings     | |  0.9
Necromancy     | |  0.9
Translocations | |  0.9
Transmutations | |  0.9
Fire Magic     | |  0.9
Ice Magic      | |  0.9
Air Magic      | |  0.9
Earth Magic    | |  0.9
Poison Magic   | |  0.9

Action                   |  1- 3 |  4- 6 || total
-------------------------+-------+-------++-------
Melee: Rapier            |    95 |    69 ||   164
       Bite              |    12 |     7 ||    19
Throw: Dart              |       |     2 ||     2
  Eat: Chunk             |       |     2 ||     2
       Ration            |       |     1 ||     1
Armor: Scale mail        |    17 |    14 ||    31
Dodge: Dodged            |    28 |    10 ||    38
Block: Kite shield       |    46 |    25 ||    71

Table legend:
 A = Non-vault XP
 B = Vault XP
 C = Vault XP percentage of total XP
 D = Non-vault monster count
 E = Vault monster count
 F = Vault count percentage of total count
                 A         B        C        D         E       F
            +---------+---------+-------+---------+---------+-------
      Total |     115 |      17 |  12.9 |      39 |       6 |  13.3
            +---------+---------+-------+---------+---------+-------
        D:1 |      32 |       0 |   0.0 |      20 |       0 |   0.0
        D:2 |      79 |      17 |  17.7 |      17 |       6 |  26.1
        D:3 |       4 |       0 |   0.0 |       2 |       0 |   0.0
            +---------+---------+-------+---------+---------+-------
